[Event "Early-Titled-Tuesday-Blitz-March-05-2024"]
[Site "Chess.com"]
[Date "2024.03.05"]
[Round "6"]
[White "Darius321"]
[Black "Caracal3000"]
[Result "1/2-1/2"]
[WhiteElo "2368"]
[BlackElo "2477"]
[TimeControl "180+1"]
[EndTime "9:09:45 PST"]
[Termination "Game drawn by repetition"]

1. e4 c5 2. d4 cxd4 3. c3 Nf6 4. e5 Nd5 5. Nf3 e6 6. Bc4 d6 7. cxd4 Nb6 8. Bb3 dxe5 9. dxe5 Qxd1+ 10. Bxd1 Bd7 11. Nc3 Bc6 12. O-O Bc5 13. Re1 N8d7 14. Ne4 Bxe4 15. Rxe4 O-O 16. Bb3 h6 17. Kf1 Rfd8 18.
Bd2 Rac8 19. Bc3 Nb8 20. Ree1 Nc6 21. Rad1 Kf8 22. Rxd8+ Rxd8 23. Rd1 Rxd1+ 24. Bxd1 Nd7 25. Ba4 Ndb8 26. Ke2 a6 27. a3 b5 28. Bc2 Bb6 29.
Be4 Bc7 30. Kd3 Ke7 31. Bxc6 Nxc6 32. Ke4 Bb6 33. Nd4 Nxd4 34. Bxd4 Bc7 35. f4 g6 36. g4 Ba5 37. f5 Bd2 38. h3 Kd7 39. b3 Kc6 40. a4 bxa4 41. bxa4 Bb4 42. Be3 Bf8 43. h4 h5 44. fxg6 fxg6 45. gxh5 gxh5 46. Bg5 Kc5 47. Bd8 Kb4 48. a5 Bh6 49. Bg5 Bf8 50. Bd8 Kb5 51. Kf4 Bh6+ 52. Bg5 Bg7 53. Bf6 Bh6+ 54. Bg5 Bf8 55.
Bd8 Bh6+ 56. Bg5 1/2-1/2

[Event "Early-Titled-Tuesday-Blitz-March-05-2024"]
[Site "Chess.com"]
[Date "2024.03.05"]
[Round "6"]
[White "jens1102"]
[Black "Herzog2012"]
[Result "0-1"]
[WhiteElo "2618"]
[BlackElo "2512"]
[TimeControl "180+1"]
[EndTime "9:09:46 PST"]
[Termination "Herzog2012 won by checkmate"]

1. g3 d5 2. Nf3 Nf6 3. Bg2 e6 4.
O-O Be7 5. c4 O-O 6. d4 dxc4 7.
Qc2 a6 8. a4 Bd7 9. Qxc4 Bc6 10. Bg5 h6 11. Bxf6 Bxf6 12. Nc3 Bxf3 13. Bxf3 c6 14.
e3 a5 15. Rad1 Na6 16. Bg2 Nb4 17. f4 Qb6 18. f5 e5 19. Ne4 Nd5 20. Nxf6+ Nxf6 21.
Kh1 exd4 22. Rxd4 Qxb2 23. e4 Ng4 24. Qc5 Ne3 25. Rg1 b6 26. Qd6 Rfd8 27. Qxd8+ Rxd8 28. Rxd8+ Kh7 29. e5 Nxg2 30. Rxg2 Qb1+ 31. Rg1 Qe4+ 32. Rg2 Qxf5 33. Rb8 c5 34. Rxb6 c4 35. Rbb2 Qxe5 36.
Rge2 Qd5+ 37. Kg1 Qd1+ 38. Kf2 Qxa4 39. Rec2 c3 40. Ra2 Qd4+ 41. Kg2 a4 42. Rf2 f5 43. h4 g5 44. Rfe2 Kg6 45. hxg5 hxg5 46.
Kf3 Qd3+ 47. Kg2 g4 48. Rf2 Qe4+ 49. Kh2 Kf6 50. Rfc2 Qc4 51. Ra3 f4 52. gxf4 Qxf4+ 53. Kg2 Qf3+ 54. Kh2 g3+ 55. Kg1 Qd1+ 56. Kg2 Qxc2+ 57.
Kxg3 Qb2 58. Rxa4 c2 59. Rf4+ Ke6 60. Rf2 c1=Q 61. Rf3 Qe5+ 62. Kg4 Qcg5+ 63. Kh3 Qh8# 0-1

[Event "Early-Titled-Tuesday-Blitz-March-05-2024"]
[Site "Chess.com"]
[Date "2024.03.05"]
[Round "6"]
[White "db-banana"]
[Black "profedechess93"]
[Result "1/2-1/2"]
[WhiteElo "2487"]
[BlackElo "2644"]
[TimeControl "180+1"]
[EndTime "9:09:47 PST"]
[Termination "Game drawn by repetition"]

1. e4 e6 2. d4 d5 3. exd5 exd5 4. Bd3 Nc6 5. c3 Bd6 6. Qf3 Nge7 7. Ne2 Be6 8. Bf4 Qd7 9. h3 O-O-O 10. Nd2 Ng6 11.
Bxd6 Qxd6 12. g3 Rhe8 13. O-O-O Kb8 14. Nb3 h6 15. Kb1 Nge7 16. Nf4 Nc8 17. Nc5 Nb6 18. Bb5 Bf5+ 19. Ka1 a6 20. Bd3 Bxd3 21. Nfxd3 Re7 22.
Rhe1 Rde8 23. Rxe7 Rxe7 24. Re1 Rxe1+ 25. Nxe1 Qe7 26. Nc2 Nd8 27. Ne3 c6 28. Qf4+ Ka7 29.
a3 Ne6 30. Qe5 Nd7 31. Nxd7 Qxd7 32. Nf5 f6 33. Qe3 Ng5 34. g4 Ne4 35. f3 Nd6 36. Nxd6 Qxd6 37. h4 g6 38. Qxh6 Qg3 39. Qxg6 Qxf3 40.
Ka2 Qf1 41. Qf5 Qg2 42. h5 a5 43. a4 Qh3 44. Qxf6 Qxg4 45. h6 Qd1 46. Qg6 Qxa4+ 47. Kb1 Qd1+ 48. Ka2 Qa4+ 49. Kb1 Qd1+ 50. Ka2 Qa4+ 1/2-1/2

[Event "Early-Titled-Tuesday-Blitz-March-05-2024"]
[Site "Chess.com"]
[Date "2024.03.05"]
[Round "6"]
[White "Akylbek2021"]
[Black "jaskol95"]
[Result "0-1"]
[WhiteElo "2312"]
[BlackElo "2595"]
[TimeControl "180+1"]
[EndTime "9:09:47 PST"]
[Termination "jaskol95 won on time"]

1. e4 d6 2. d4 Nf6 3. Nc3 Nbd7 4. Nf3 e5 5. Bc4 Be7 6. O-O c6 7. a4 Qc7 8. Re1 h6 9. h3 Nf8 10. b3 g5 11. Ba3 Ng6 12. dxe5 dxe5 13. Bxe7 Qxe7 14.
Nh2 O-O 15. Qf3 Kg7 16. Ne2 Be6 17. Bxe6 fxe6 18. Qc3 Nxe4 19. Qe3 Nf6 20. Nf3 Qc7 21. Ng3 Nd5 22. Qe4 Rf7 23. Nh2 Raf8 24. Nh5+ Kh7 25. Ng4 Rf4 26. Qd3 R4f5 27. Rad1 Qb6 28. Re2 Ndf4 29.
Qd7+ R8f7 30. Ngf6+ Rxf6 31. Nxf6+ Kg7 32. Ne8+ Kf8 33.
Qd6+ Kxe8 34. Red2 Qc7 35. Qc5 Nd5 36. c4 b6 37. Qa3 Qe7 38. Qb2 Ndf4 39. Qc2 Kf8 40. Qe4 Kg7 41. Qxc6 Qf6 42. f3 Nh4 43. Qe4 Nxh3+ 44.
Kh2 Qf4+ 45. Qxf4 Nxf4 46. Rd7 Nfxg2 47. Rxf7+ Kxf7 48. Rd7+ Kf6 49. Rxa7 Nf4 50. Rb7 Nxf3+ 51. Kg3 Nd4 52. Rxb6 e4 53. a5 e3 54. a6 e2 0-1

[Event "Early-Titled-Tuesday-Blitz-March-05-2024"]
[Site "Chess.com"]
[Date "2024.03.05"]
[Round "6"]
[White "HelvertHernandez"]
[Black "thebeast2900"]
[Result "0-1"]
[WhiteElo "2023"]
[BlackElo "2314"]
[TimeControl "180+1"]
[EndTime "9:09:47 PST"]
[Termination "thebeast2900 won by resignation"]

1. e4 c5 2. Nf3 Nc6 3. d4 cxd4 4.
Nxd4 g6 5. Nc3 Bg7 6. Be3 Nf6 7. Bc4 O-O 8. Bb3 Re8 9. f3 d5 10. Nxc6 bxc6 11. exd5 cxd5 12. Nxd5 Nxd5 13. Qxd5 Qxd5 14. Bxd5 Rb8 15. Bb3 Bxb2 16. Rd1 Bc3+ 17. Kf2 a5 18. Rd3 Bb4 19. Rhd1 Bf5 20. Rd5 Rec8 21. c4 Be6 22. R5d4 f5 23. g3 Kf7 24. f4 Bc5 25. R4d3 Bxe3+ 26. Rxe3 Bxc4 27. Bxc4+ Rxc4 28. Rd7 Re4 29. Rxe4 fxe4 30. Ke3 Rb2 31. Kxe4 Rxa2 32. Ra7 a4 33. h4 h5 34. f5 Ra3 35. fxg6+ Kxg6 36. Rxe7 Rxg3 37. Ra7 Rg4+ 38. Ke5 Rxh4 39. Ra6+ Kg5 40.
Ra5 Rb4 41. Kd5 Kg4 42. Kc5 Rf4 43. Ra8 h4 44. Rg8+ Kf3 45. Kd5 h3 46. Ke5 Rg4 47. Rf8+ Kg2 48. Rh8 h2 49. Kf5 h1=Q 50. Rxh1 Kxh1 51.
Kxg4 a3 52. Kf3 a2 53. Ke3 a1=Q 54. Kf2 Qf6+ 0-1

[Event "Early-Titled-Tuesday-Blitz-March-05-2024"]
[Site "Chess.com"]
[Date "2024.03.05"]
[Round "6"]
[White "Kopytkin"]
[Black "chessamical"]
[Result "1-0"]
[WhiteElo "2449"]
[BlackElo "2146"]
[TimeControl "180+1"]
[EndTime "9:09:48 PST"]
[Termination "Kopytkin won on time"]

1. d4 Nf6 2. Bg5 d5 3. e3 c5 4.
c3 Ne4 5. Bf4 Bf5 6. Qb3 Qd7 7.
Nf3 Nc6 8. Bb5 c4 9. Qa4 f6 10. b3 cxb3 11. axb3 e6 12. O-O g5 13. Bg3 h5 14. h4 g4 15. Nfd2 Nxg3 16. fxg3 Bd6 17. e4 dxe4 18. Rxf5 exf5 19. d5 Bc5+ 20. Kh2 Qxd5 21.
Na3 Kf8 22. Nac4 Ne5 23. Nxe5 Qxe5 24. Nc4 Qc7 25. Bd7 Bf2 26. Qb4+ Kg7 27. Qd6 Bxg3+ 28. Kxg3 Qxd6+ 29. Nxd6 Rhd8 30. Nxf5+ Kg6 31. Be6 Re8 32.
Nd4 Rad8 33. Bf5+ Kf7 34. Rxa7 Re7 35. Kf2 e3+ 36. Ke2 Re5 37. Rxb7+ Ke8 38. Ne6 Rxf5 39.
Ng7+ Kf8 40. Nxf5 Rd2+ 41. Kxe3 Rxg2 42. c4 Rb2 43. c5 Rc2 44. Kf4 Rxc5 45. Rb8+ Kf7 46.
Rb7+ Kf8 47. Ne3 Rc1 48. b4 Ke8 49. b5 Kd8 50. b6 Kc8 51. Rf7 Rb1 52. Rxf6 1-0

[Event "Early-Titled-Tuesday-Blitz-March-05-2024"]
[Site "Chess.com"]
[Date "2024.03.05"]
[Round "6"]
[White "ricaurtelopezj1955"]
[Black "KhazhatulyAlikhan"]
[Result "0-1"]
[WhiteElo "2157"]
[BlackElo "2429"]
[TimeControl "180+1"]
[EndTime "9:09:50 PST"]
[Termination "KhazhatulyAlikhan won on time"]

1. e4 c5 2. d4 e6 3. d5 exd5 4.
exd5 d6 5. Nf3 Nf6 6. Bb5+ Bd7 7. a4 a6 8. Bc4 Be7 9. O-O O-O 10. h3 Bf5 11.
Nc3 Nbd7 12. Re1 Bg6 13. Bf4 Re8 14. Qd2 Qa5 15. Rxe7 Rxe7 16. Bxd6 Ree8 17. Bg3 Nb6 18. Bf1 Nfxd5 19. Nxd5 Qxd2 20. Nf6+ gxf6 21. Nxd2 Bxc2 22. a5 Nd5 23. Nc4 Nb4 24. Nb6 Rad8 25. Bc4 Rd1+ 26. Rxd1 Bxd1 27. Nd7 Re1+ 28. Kh2 Kg7 29. Nxc5 Bc2 30.
Nxb7 Bd3 31. b3 Rc1 32. Nd6 Bxc4 33. bxc4 Nc6 34. h4 Nxa5 35. Bf4 Rc2 36. Nf5+ Kf8 37.
c5 Nb7 38. Bh6+ Ke8 39. Nd6+ Nxd6 40. cxd6 Kd7 41. Bf4 Rxf2 42. Kg3 Re2 43. Kf3 Re6 44. Kg4 a5 45. Kh5 f5 46. Kg5 Rg6+ 47. Kxf5 Rxg2 0-1

[Event "Early-Titled-Tuesday-Blitz-March-05-2024"]
[Site "Chess.com"]
[Date "2024.03.05"]
[Round "6"]
[White "BogdanDeac"]
[Black "PavelShkapenko"]
[Result "1/2-1/2"]
[WhiteElo "2989"]
[BlackElo "2760"]
[TimeControl "180+1"]
[EndTime "9:09:52 PST"]
[Termination "Game drawn - insufficient material"]

1. d4 d5 2. c4 dxc4 3. Nf3 Nf6 4. e3 Bg4 5. Bxc4 e6 6. h3 Bh5 7. Nc3 Nc6 8. Be2 Bd6 9. O-O O-O 10. Nd2 Bxe2 11. Qxe2 e5 12. d5 Nb4 13. e4 Nc2 14. Rb1 Nd4 15. Qd3 c6 16. dxc6 Nxc6 17. Nf3 Bb4 18.
Nd5 Nxd5 19. exd5 Nd4 20. Nxd4 Qxd5 21. Qb5 Qxd4 22. Be3 Qe4 23. Rbc1 a6 24. Qb6 Rac8 25. Rfd1 h6 26. Kh2 Be7 27. f3 Qb4 28. Qxb4 Bxb4 29. a3 Rxc1 30. Rxc1 Bd6 31. Rd1 Bb8 32. Rd7 e4+ 33. f4 g5 34. g3 gxf4 35. gxf4 b5 36. Kg2 Rc8 37. Rb7 Bd6 38. Rb6 Bf8 39. Rxa6 Rc2+ 40.
Kf1 Rxb2 41. Ra8 Rb1+ 42. Ke2 Kg7 43. Bd4+ f6 44. f5 Rb3 45. Ra7+ Kg8 46. Bxf6 Rxa3 47. Rb7 Rxh3 48. Rxb5 Rf3 49. Bd8 Kf7 50. Re5 Bg7 51.
Rxe4 Rxf5 52. Bc7 Rf6 53. Rf4 Rxf4 54. Bxf4 Kg6 55. Kf3 Kf5 56. Bg3 h5 57. Kg2 Bf6 58. Bf2 Kg4 59. Bg3 h4 60. Bxh4 1/2-1/2

[Event "Early-Titled-Tuesday-Blitz-March-05-2024"]
[Site "Chess.com"]
[Date "2024.03.05"]
[Round "6"]
[White "Yan_Dyomin2010"]
[Black "nrvisakh"]
[Result "0-1"]
[WhiteElo "2705"]
[BlackElo "2915"]
[TimeControl "180+1"]
[EndTime "9:09:52 PST"]
[Termination "nrvisakh won by checkmate"]

1. e4 e5 2. Nc3 Nf6 3. d4 exd4 4.
Qxd4 Nc6 5. Qd3 Bb4 6. Bd2 O-O 7. O-O-O Re8 8. Nge2 d6 9. Bg5 h6 10. Bxf6 Qxf6 11. Nd5 Qd8 12. Nxb4 Nxb4 13. Qd2 Nc6 14. Nc3 Be6 15. Kb1 a6 16. f3 b5 17. g4 Ne5 18.
f4 Nc4 19. Bxc4 Bxc4 20. b3 Be6 21. f5 b4 22. fxe6 bxc3 23. exf7+ Kxf7 24. Qd5+ Ke7 25. e5 Rb8 26. Rhe1 Kd7 27. e6+ Kc8 28. Qc6 Re7 29.
Qxa6+ Rb7 30. Rd4 Kb8 31. Ra4 c5 32. Qa8+ Kc7 33. Qxd8+ Kxd8 34. Ra8+ Kc7 35. a4 Rb8 36. Rxb8 Kxb8 37. Kc1 Kc7 38. Kd1 d5 39. Re3 d4 40.
Re4 Kc6 41. a5 Kb5 42. Re5 Kc6 43. a6 Kb6 44. a7 Kxa7 45. Rxc5 Rxe6 46. Rc7+ Kb6 47.
Rxg7 Kc5 48. h4 Re3 49. Rc7+ Kd5 50. Rg7 Rh3 51. h5 Rh1+ 52. Ke2 Rh2+ 53. Kd3 Rd2# 0-1

[Event "Early-Titled-Tuesday-Blitz-March-05-2024"]
[Site "Chess.com"]
[Date "2024.03.05"]
[Round "6"]
[White "stolencandy13"]
[Black "Arystanner"]
[Result "1/2-1/2"]
[WhiteElo "2688"]
[BlackElo "2895"]
[TimeControl "180+1"]
[EndTime "9:09:52 PST"]
[Termination "Game drawn by agreement"]

1. d4 d5 2. Bf4 Nf6 3. e3 e6 4.
Nd2 c5 5. c3 Nc6 6. Bd3 Qb6 7.
Qb3 c4 8. Qxb6 axb6 9. Be2 b5 10.
a3 b4 11. cxb4 Bxb4 12. Rc1 Bxd2+ 13. Kxd2 Ne4+ 14. Ke1 c3 15. bxc3 Rxa3 16. c4 Bd7 17.
f3 Nc3 18. Kd2 Nxe2 19. Nxe2 O-O 20. cxd5 Ra2+ 21. Rc2 Rxc2+ 22. Kxc2 Nb4+ 23. Kd2 Nxd5 24. Ra1 Rc8 25. e4 Nb6 26. Rb1 Nc4+ 27. Kd3 b5 28. Nc3 f6 29. Nxb5 g5 30. Na7 Ra8 31.
Rb8+ Rxb8 32. Bxb8 Nb6 33. Bc7 Nc8 34. Nxc8 Bxc8 35.
d5 exd5 36. exd5 Kf7 37. Kd4 Ke7 38. Ba5 Ba6 39. Kc5 Kd7 40. Kd4 Bf1 41. g3 Bg2 42. f4 gxf4 43. gxf4 Ke7 44. Bb4+ Kd7 45. Bf8 Bh1 46. Bg7 Ke7 47. Kc5 Bg2 48. d6+ Ke6 49.
Bf8 Kd7 50. Be7 Ke6 51. Kb6 Kd7 52. Kc5 f5 53. Kd4 Ke6 54. Bf8 Bc6 55. Be7 Ba4 56. Kc4 Be8 57. Kc5 Ba4 58. Kb6 Kd7 59. Kc5 Ke6 60. h4 h5 61. Kd4 Be8 62. Bf8 Ba4 63. Be7 Be8 64. Kc4 Ba4 65. Kb4 Be8 66. Ka5 Bd7 67. Kb6 Ba4 68. Kb7 Kd7 69. Kb6 Ke6 70. Ka5 Be8 71. Kb4 1/2-1/2

[Event "Early-Titled-Tuesday-Blitz-March-05-2024"]
[Site "Chess.com"]
[Date "2024.03.05"]
[Round "6"]
[White "KuzubovYuriy"]
[Black "BardArtem"]
[Result "0-1"]
[WhiteElo "2954"]
[BlackElo "2729"]
[TimeControl "180+1"]
[EndTime "9:09:53 PST"]
[Termination "BardArtem won by resignation"]

1. d4 Nf6 2. Nf3 b6 3. c4 Bb7 4.
g3 g6 5. Nc3 Ne4 6. d5 Nxc3 7.
Qd4 Rg8 8. Qxc3 Bg7 9. Qc2 c6 10. d6 c5 11. Bg2 exd6 12. O-O Nc6 13. Rd1 Qc7 14. Bf4 Be5 15. Bg5 h6 16. Bxh6 O-O-O 17.
e3 Kb8 18. Bf4 Bxf4 19. exf4 f6 20. Qd2 g5 21. fxg5 fxg5 22. Qxd6 Qxd6 23. Rxd6 g4 24. Nh4 Nd4 25. h3 gxh3 26. Bxb7 Kxb7 27. Re1 Kc7 28.
Rf6 Rde8 29. Rxe8 Rxe8 30. g4 Re2 31. g5 Kd8 32. g6 Ne6 33. f4 h2+ 34. Kh1 Ke7 35.
Rf7+ Ke8 36. f5 Ng5 37. Rg7 Ne4 38. Ng2 Ng3+ 39. Kxh2 Nxf5 40. Rh7 Ne3 41. g7 Rxg2+ 42. Kh3 Kf7 43. g8=Q+ Kxg8 44. Rxd7 Rxb2 45. Rxa7 Nxc4 46. Kg4 Na5 47. Kf5 Rxa2 48. Kg6 Rg2+ 49. Kf6 Rb2 50. Kg6 Kf8 51. Kf6 Ke8 52. Ke6 Kd8 53. Kd6 Kc8 54.
Rc7+ Kb8 55. Rh7 Rd2+ 56. Ke5 Nb7 57. Rh8+ Ka7 58. Rh2 Rxh2 0-1

[Event "Early-Titled-Tuesday-Blitz-March-05-2024"]
[Site "Chess.com"]
[Date "2024.03.05"]
[Round "6"]
[White "kleopl"]
[Black "aridannie"]
[Result "1/2-1/2"]
[WhiteElo "2520"]
[BlackElo "2376"]
[TimeControl "180+1"]
[EndTime "9:09:53 PST"]
[Termination "Game drawn - insufficient material"]

1. e4 c5 2. Nf3 Nc6 3. d4 cxd4 4. Nxd4 e5 5. Nb5 d6 6. c4 Be7 7. Be2 Nf6 8. N5c3 O-O 9. O-O Nd7 10. Nd5 Nc5 11. Nbc3 Be6 12. Rb1 a5 13. b3 Bg5 14.
Ba3 Nd4 15. g3 f5 16. f4 Bf6 17. Bf3 Bxd5 18. cxd5 Nxf3+ 19. Qxf3 exf4 20. Bxc5 Bxc3 21. Qxc3 dxc5 22. Rxf4 fxe4 23. Qxc5 Rxf4 24. gxf4 Rc8 25. Qd4 Qe8 26. Re1 Qg6+ 27. Kh1 Rc2 28. Qxe4 Qxe4+ 29. Rxe4 Rd2 30. Re5 Kf7 31. a4 Rd3 32. Kg2 b6 33.
Kf2 Rxb3 34. Ke2 Rb2+ 35. Ke3 Rxh2 36. d6 Rh6 37. Re7+ Kf8 38. Rd7 Ke8 39. Rxg7 Rxd6 40. Rxh7 Rd1 41. Ke4 Ra1 42. Ke5 Rxa4 43. f5 Ra1 44.
Ke6 Re1+ 45. Kd6 a4 46. Kc6 a3 47. Ra7 Re3 48. Kxb6 Kf8 49. Kc5 Rf3 50. Kd4 a2 51. Rxa2 Rxf5 52. Ke4 Rf7 53. Ke5 Ke7 54. Ra7+ Kf8 55. Rxf7+ Kxf7 1/2-1/2

[Event "Early-Titled-Tuesday-Blitz-March-05-2024"]
[Site "Chess.com"]
[Date "2024.03.05"]
[Round "6"]
[White "Indianlad"]
[Black "Firouzja2003"]
[Result "0-1"]
[WhiteElo "3022"]
[BlackElo "3229"]
[TimeControl "180+1"]
[EndTime "9:09:54 PST"]
[Termination "Firouzja2003 won by resignation"]

1. Nf3 Nf6 2. g3 g6 3. Bg2 Bg7 4. O-O O-O 5. c4 d6 6. Nc3 e5 7. d3 c6 8. Rb1 Re8 9. Bg5 Nbd7 10.
Nd2 h6 11. Bxf6 Nxf6 12. b4 d5 13. b5 Be6 14. bxc6 bxc6 15. Qa4 Qd6 16. Rfc1 Rec8 17. Nb3 h5 18. cxd5 cxd5 19. Nb5 Qb6 20. Qa5 Bh6 21.
Rxc8+ Rxc8 22. Nxa7 Qxa5 23. Nxa5 Rc2 24. Bf1 Rxa2 25.
N7c6 e4 26. dxe4 dxe4 27. Nb3 e3 28. f3 Bc4 29. Nbd4 Rd2 30. Rb4 Ba2 31. Nb3 Bf8 32. Rb8 Kg7 33. Rb7 Nd5 34. Ne5 Rb2 35. Na5 Rxb7 36.
Nxb7 Nc3 37. Na5 Bd6 38. Nac4 Bc7 39. f4 f6 40. Nxg6 Bxc4 41. Nh4 Bb6 42. Kg2 Nxe2 43.
Nf5+ Kf8 44. Nd6 Bd5+ 45. Kh3 Ng1+ 46. Kh4 Bf3 47. Nc4 Bd4 48. Nxe3 Bxe3 49. h3 Kg7 50. Bb5 Kh6 51. Be8 Bd1 0-1

[Event "Early-Titled-Tuesday-Blitz-March-05-2024"]
[Site "Chess.com"]
[Date "2024.03.05"]
[Round "6"]
[White "Rodalquilar"]
[Black "NikitaShnadrygin"]
[Result "1-0"]
[WhiteElo "2808"]
[BlackElo "2616"]
[TimeControl "180+1"]
[EndTime "9:09:54 PST"]
[Termination "Rodalquilar won by resignation"]

1. d4 d5 2. Nf3 Nc6 3. Bf4 Bg4 4. e3 e6 5. c4 Nf6 6. Nc3 Bb4 7. Be2 O-O 8. O-O dxc4 9. Bxc4 Bxc3 10. bxc3 Nd5 11. Bg3 Nxc3 12. Qb3 Bxf3 13. gxf3 Nd5 14. Qxb7 Na5 15.
Qa6 Nxc4 16. Qxc4 Qg5 17. Rab1 f5 18. e4 Nf4 19. Kh1 Qh5 20. Rb3 fxe4 21. fxe4 Rae8 22.
Qxc7 Qe2 23. Rg1 Nd3 24. h3 Qxe4+ 25. Kh2 Rf7 26. Qc2 Nxf2 27. Qxe4 Nxe4 28. Be5 Rf2+ 29. Rg2 Ref8 30. Rb7 Rxg2+ 31. Kxg2 Rf7 32. Rb8+ Rf8 33. Rb7 Rf7 34. Rb2 h5 35. h4 Kh7 36. Rb5 Nf6 37. Bxf6 gxf6 38. Rxh5+ Kg6 39. Ra5 Rd7 40. Ra4 Kf5 41.
Kf3 Rh7 42. Ra5+ e5 43. Kg3 Ke4 44. dxe5 fxe5 45. Kg4 Kd3 46. Rxe5 Kd4 47. Ra5 Rg7+ 48. Kf4 Kc4 49. h5 Kb4 50. Ra6 Kb5 51. Ra3 a5 52.
h6 Rg1 53. Rh3 Rf1+ 54. Ke5 Rf8 55. h7 Rh8 56. Kf6 Kb4 57. Kg7 1-0

[Event "Early-Titled-Tuesday-Blitz-March-05-2024"]
[Site "Chess.com"]
[Date "2024.03.05"]
[Round "6"]
[White "Herman-NY"]
[Black "Binary010"]
[Result "0-1"]
[WhiteElo "2524"]
[BlackElo "2814"]
[TimeControl "180+1"]
[EndTime "9:09:54 PST"]
[Termination "Binary010 won by resignation"]

1. e4 c5 2. Nf3 e6 3. d4 cxd4 4.
Nxd4 Nf6 5. Nc3 Nc6 6. Nxc6 bxc6 7. e5 Nd5 8. Ne4 Qc7 9. f4 Qb6 10. c4 Ne3 11. Qd3 Bb4+ 12. Bd2 O-O 13. a3 Bxd2+ 14.
Qxd2 Nxf1 15. Rxf1 c5 16. Nd6 Ba6 17. b4 Rab8 18. b5 Bb7 19. a4 f6 20. Ra3 Qd8 21.
Rg3 Ba8 22. f5 fxe5 23. fxe6 Rxf1+ 24. Kxf1 Qf6+ 25. Ke1 Rf8 26. Qe2 Qxe6 27. Qg4 Qxg4 28. Rxg4 Rf6 29. Nc8 a6 30. Rg3 Bb7 31. Na7 Kf7 32. Rd3 Ke7 33. g3 g5 34. Ke2 Rh6 35.
h4 gxh4 36. gxh4 Rxh4 37. Rg3 Kf6 38. Rg8 Rxc4 39. Rb8 Be4 40. b6 Rxa4 41. Nc8 Rb4 42. Nd6 Bc6 43. b7 Ke7 44. Nc8+ Ke6 45. Na7 Bxb7 46.
Rh8 d6 47. Rxh7 Kd5 48. Rc7 a5 49. Nc8 Bxc8 50. Rxc8 a4 51. Ra8 e4 52. Kd2 Kd4 53. Rd8 d5 54. Re8 Rb2+ 55. Kc1 Rh2 56. Ra8 Kc3 57. Kb1 e3 58. Rxa4 d4 59. Ra3+ Kc4 60.
Ra4+ Kd5 61. Ra2 Rxa2 0-1

[Event "Early-Titled-Tuesday-Blitz-March-05-2024"]
[Site "Chess.com"]
[Date "2024.03.05"]
[Round "6"]
[White "janhelmer03"]
[Black "amanjazu"]
[Result "0-1"]
[WhiteElo "2399"]
[BlackElo "2534"]
[TimeControl "180+1"]
[EndTime "9:09:54 PST"]
[Termination "amanjazu won by resignation"]

1. d4 Nf6 2. Nf3 g6 3. c4 Bg7 4. Nc3 O-O 5. e4 d6 6. Be2 c5 7. O-O Bg4 8. d5 Nbd7 9. Ne1 Bxe2 10. Qxe2 Ne8 11. Nd3 Nc7 12. Bg5 h6 13. Be3 Rb8 14. a4 a6 15. Qd2 b5 16. axb5 axb5 17. Nxb5 Nxb5 18. cxb5 Rxb5 19. Bxh6 Bxh6 20. Qxh6 Nf6 21. Ra4 Rb3 22. e5 Nh5 23. Rh4 Rxd3 24. e6 Rd4 25. g4 Qe8 26. f4 fxe6 27. gxh5 Rf6 28. Kh1 Qf8 29. Qg5 Rxd5 30. Qg4 Qg7 31. h6 Qh7 32.
Ra1 Kf7 33. Ra8 Rd4 34. Qg5 Rf5 35. Qxe7+ Kxe7 36. Ra7+ Kf6 37. Rxh7 Rfxf4 38. Rxf4+ Rxf4 39.
Rd7 Rh4 40. h7 Ke5 41. Kg2 d5 42. Kg3 Rh6 43. h4 Kf5 44. Rc7 c4 45. Rf7+ Ke4 46. Kg4 Rh5 47. Re7 e5 48. Rc7 Kd4 49. Rd7 e4 50.
Re7 e3 51. Kf3 Rxh4 52. Rxe3 Rxh7 53. Re6 Rh3+ 54. Kg2 Re3 55. Rb6 Rb3 56. Rxg6 Rxb2+ 57. Kf3 c3 58. Rc6 Kd3 59. Kf4 d4 60. Ke5 Re2+ 61. Kd5 c2 62. Rc4 Kd2 63. Rxd4+ Ke1 64. Rc4 Kd1 0-1

[Event "Early-Titled-Tuesday-Blitz-March-05-2024"]
[Site "Chess.com"]
[Date "2024.03.05"]
[Round "6"]
[White "GoValya"]
[Black "kinga2008"]
[Result "0-1"]
[WhiteElo "2237"]
[BlackElo "2408"]
[TimeControl "180+1"]
[EndTime "9:09:54 PST"]
[Termination "kinga2008 won on time"]

1. d4 d5 2. c4 c6 3. g3 Nf6 4. Bg2 e6 5. Nf3 Bb4+ 6. Bd2 Bxd2+ 7. Nbxd2 O-O 8. O-O Nbd7 9. Qc2 Re8 10. e4 dxe4 11. Nxe4 Nxe4 12. Qxe4 Nf6 13. Qc2 Qc7 14. b4 Rd8 15. a4 b6 16. Ne5 Bb7 17. Rfd1 Rac8 18. Rac1 c5 19. Bxb7 Qxb7 20. dxc5 bxc5 21. b5 Qc7 22.
Nc6 Rxd1+ 23. Rxd1 Qb7 24. Qd2 h6 25. Qe3 Rxc6 26. Rd8+ Kh7 27. Qd3+ g6 28. bxc6 Qxc6 29. Qc3 Kg7 30. Rd3 Qxa4 31. Kg2 Qe8 32. Rf3 e5 33. Qe3 Nd7 34. g4 Qe6 35. h3 Qxc4 36. g5 hxg5 37. Qxg5 e4 38. Rf4 Qe6 39. Qg3 c4 40. Qc3+ Nf6 41. h4 a6 42. Kg3 Qd6 43. Qb2 c3 44. Qxc3 Qe6 45. Qd4 Qc6 46. Kg2 e3+ 47. Kg1 e2 48. Qe3 Qe6 49. Qxe6 e1=Q+ 50. Qxe1 g5 51.
Qc3 gxf4 52. h5 Kh6 0-1

[Event "Early-Titled-Tuesday-Blitz-March-05-2024"]
[Site "Chess.com"]
[Date "2024.03.05"]
[Round "6"]
[White "Njal28"]
[Black "Neijin"]
[Result "0-1"]
[WhiteElo "3004"]
[BlackElo "2731"]
[TimeControl "180+1"]
[EndTime "9:09:56 PST"]
[Termination "Neijin won by resignation"]

1. d4 d5 2. Nf3 Nf6 3. c3 Bf5 4. Qb3 Qc8 5. c4 e6 6. cxd5 exd5 7. Nc3 c6 8. Bf4 Be7 9. e3 O-O 10. Rc1 Nbd7 11. Be2 Nb6 12. h3 Qd8 13. O-O Bd6 14. Bxd6 Qxd6 15. a4 Qe7 16. a5 Nc8 17. a6 b6 18. Ne5 Qe6 19. Qa4 Ne7 20. b4 Ne4 21. Nxe4 Bxe4 22. Nxc6 Nf5 23. Ne5 Nh4 24. f3 Bg6 25. Qd7 Qf6 26. Qg4 Nf5 27. Qf4 Qe7 28. b5 f6 29. Nxg6 hxg6 30. Kf2 Rae8 31. Rc3 Qb4 32.
Rfc1 Re7 33. g4 Nd6 34. Rc7 Rxc7 35. Rxc7 Nxb5 36. Rb7 Qb2 37. Rb8 Nc3 38. Rxf8+ Kxf8 39. Qb8+ Kf7 40. Qxa7+ Kg8 41. Qb8+ Kh7 42. a7 Qxe2+ 43. Kg3 Qe1+ 44. Kg2 Qe2+ 45. Kg3 Qf1 46. Kh2 Qf2+ 47. Kh1 Qxf3+ 48. Kh2 Qe2+ 49. Kh1 Qf1+ 50. Kh2 Qf2+ 51. Kh1 Ne4 52. a8=Q Qf1+ 53. Kh2 Qf2+ 54. Kh1 Ng3+ 55.
Qxg3 Qxg3 56. Qxd5 Qxh3+ 57. Kg1 Qxe3+ 58. Kh1 Qh3+ 59. Kg1 Qxg4+ 60. Kf1 Qf5+ 61. Qf3 Qxf3+ 0-1

[Event "Early-Titled-Tuesday-Blitz-March-05-2024"]
[Site "Chess.com"]
[Date "2024.03.05"]
[Round "6"]
[White "N4700000"]
[Black "tarno17"]
[Result "1-0"]
[WhiteElo "2499"]
[BlackElo "2162"]
[TimeControl "180+1"]
[EndTime "9:09:56 PST"]
[Termination "N4700000 won by checkmate"]

1. e4 c5 2. a3 d5 3. exd5 Qxd5 4. Nc3 Qd8 5. Nf3 Nf6 6. d4 e6 7. Be3 cxd4 8. Qxd4 Qxd4 9. Nxd4 Be7 10. Ndb5 Na6 11. Bxa7 Bd7 12. Be3 O-O 13. Be2 Bc6 14. O-O Bc5 15. Bxc5 Nxc5 16. f3 h6 17. Rfd1 Rfd8 18.
Kf2 Nh5 19. Rxd8+ Rxd8 20. Rd1 Rxd1 21. Bxd1 Nf4 22. Nd4 Bd7 23. g3 Ng6 24. b4 Na4 25.
Nxa4 Bxa4 26. Ke2 Ne5 27. c3 Bd7 28. Bb3 Kf8 29. a4 Ke7 30. a5 Kd6 31. c4 Nc6 32. Nxc6 Bxc6 33. Ke3 e5 34. c5+ Ke7 35. Bc4 f5 36. f4 e4 37. b5 Bd7 38. c6 bxc6 39.
b6 Bc8 40. a6 Kd7 41. b7 Bxb7 42. axb7 Kc7 43. Be6 g6 44. Bf7 g5 45. Be6 gxf4+ 46.
gxf4 Kxb7 47. Bxf5 Kc7 48. Bxe4 Kd6 49. Kd4 c5+ 50. Kc4 h5 51. h4 Ke6 52. Kxc5 Kf6 53. Kd6 Kg7 54. Ke6 Kh6 55. f5 Kg7 56. f6+ Kh6 57. Bf3 Kg6 58. f7 Kg7 59. Ke7 Kh7 60. f8=Q Kg6 61. Be4# 1-0

[Event "Early-Titled-Tuesday-Blitz-March-05-2024"]
[Site "Chess.com"]
[Date "2024.03.05"]
[Round "6"]
[White "Brave_spirit12"]
[Black "Msb2"]
[Result "1-0"]
[WhiteElo "2732"]
[BlackElo "3006"]
[TimeControl "180+1"]
[EndTime "9:09:57 PST"]
[Termination "Brave_spirit12 won by checkmate"]

1. e4 e6 2. d4 d5 3. Nc3 Nf6 4. e5 Nfd7 5. f4 c5 6. Nf3 Nc6 7. Be3 a6 8. Qd2 b5 9. a3 Qa5 10. Nd1 Qxd2+ 11. Kxd2 g5 12. Nxg5 Nxd4 13. Bxd4 cxd4 14.
Nf3 Bc5 15. Nf2 Bb6 16. Nd3 Ke7 17. g4 f6 18. Be2 Rf8 19. Raf1 Bb7 20. h4 a5 21. h5 b4 22. axb4 axb4 23. Ra1 fxe5 24. Rxa8 Bxa8 25. Nfxe5 Nf6 26. g5 Ne4+ 27. Ke1 Bb7 28.
h6 Ng3 29. Rg1 Nf5 30. g6 Rh8 31. Kd2 Bc7 32. Ra1 Bb6 33. Bg4 Ne3 34. g7 Rg8 35. Bh5 Nc4+ 36. Ke2 Nd6 37. Bg6 Nf5 38. Bxh7 Nxh6 39.
Bxg8 Nxg8 40. Rh1 Bc7 41. Rh8 Nf6 42. g8=Q Nxg8 43. Rxg8 Ba6 44. Kd2 b3 45. Rg7+ Kd8 46. Nc5 Ba5+ 47. Kc1 d3 48. Nc6+ Ke8 49. Re7+ Kf8 50.
Nxe6+ Kg8 51. cxd3 Bb6 52. Rg7+ Kh8 53. Ne5 Be3+ 54.
Kd1 Bxd3 55. Nf7# 1-0